 Dungeon Crawl Stone Soup version 0.20-a0-923-g548304e (webtiles) character file.

49 useraccount the Shield-Bearer (level 4, 0/35 HPs)
             Began as a Formicid Fighter on Mar 27, 2017.
             Slain by an adder (4 damage)
             ... on level 2 of the Dungeon.
             The game lasted 00:01:00 (1436 turns).

useraccount the Shield-Bearer (Formicid Fighter)    Turns: 1436, Time: 00:01:01

Health: 0/35       AC:  7    Str: 21    XL:     4   Next: 1%
Magic:  4/4        EV:  8    Int:  8    God:
Gold:   71         SH:  9    Dex: 10    Spells: 3/3 levels left

rFire    . . .     SeeInvis +   a - +0 war axe
rCold    . . .     Gourm    .   c - +0 shield
rNeg     . . .     Faith    .   b - +0 scale mail
rPois    .         Spirit   .   (helmet unavailable)
rElec    .         Reflect  .   (no cloak)
rCorr    .         Harm     .   (no gloves)
MR       .....                  (no boots)
Stlth    ..........             (no amulet)
Regen    0.2/turn               (no ring)
MPRegen  0.1/turn               (no ring)

@: lethally poisoned (0 -> -3)
A: permanent stasis, dig shafts and tunnels, four strong arms, antennae 3
a: Dig, Shaft Self


You were on level 2 of the Dungeon.
You were not hungry.

You visited 1 branch of the dungeon, and saw 2 of its levels.

You collected 71 gold pieces.

Inventory:

Hand Weapons
 a - a +0 war axe (weapon)
Armour
 b - a +0 scale mail (worn)
 c - a +0 shield (worn)
Wands
 p - a wand of digging (18/24)
Scrolls
 e - 2 scrolls of identify {unknown}
 h - a scroll of remove curse {unknown}
 i - 4 scrolls of amnesia {unknown}
 m - a scroll of teleportation {unknown}
 n - a scroll of random uselessness {unknown}
 q - a scroll of fear {unknown}
Potions
 d - a potion of might
 g - a potion of flight {unknown}
 l - 2 potions of curing {unknown}
Comestibles
 f - a bread ration
 j - a meat ration
 k - 2 fruits


   Skills:
 + Level 3.5 Fighting
 * Level 2.6 Axes
 + Level 3.7 Armour
 + Level 1.2 Dodging
 + Level 3.9 Shields


You had 3 spell levels left.
You didn't know any spells.

Dungeon Overview and Level Annotations

Branches:
Dungeon (2/15)

Altars:
Dithmenos


Innate Abilities, Weirdness & Mutations

You cannot be hasted, slowed, berserked, paralysed or teleported.
You can dig through walls and to a lower floor.
Your four strong arms can wield two-handed weapons with a shield.
You have a pair of large antennae on your head. (SInv)


Message History

* * * LOW HITPOINT WARNING * * *
You are more poisoned.
The adder poisons you!
You closely miss the adder.
The adder is moderately wounded.
You feel sick. The adder bites you but does no damage.
You block the adder's attack. The adder bites you.
* * * LOW HITPOINT WARNING * * *
You hit the adder.
The adder is heavily wounded.
* * * LOW HITPOINT WARNING * * *
You feel sick. You block the adder's attack.
You closely miss the adder.
The adder is heavily wounded.
The adder completely misses you. The adder closely misses you.
You hit the adder.
The adder is almost dead.
* * * LOW HITPOINT WARNING * * *
You feel sick. You block the adder's attack. The adder bites you.
You die...

..............# #.#
####.######.#.#####.#
#. .... .##.......... #
#.###.. .####.#####.#
#.#.#...##..# #.# #.#
#.#.#....#(.#.##.# #.#
......_......##.#####.#
#..#..S.# #...........
#(.##@..# ####.#####.#
#...).###.# #....##.#
#....)....# ####.##.#
#####.##### #.##.. #.#
#.#### #.# #.# # #.#
#.# # #.# #####.# # #.#
##.....# #


You could see an adder.

Vanquished Creatures
  An adder (D:2)
  3 dart slugs (D:1)
  A leopard gecko (D:1)
  A giant cockroach (D:1)
  3 goblins
  9 hobgoblins
  4 bats
  4 frilled lizards
  3 kobolds
  2 rats (D:1)
31 creatures vanquished.

Notes
Turn   | Place    | Note
-------+----------+-------------------------------------------
     0 | D:1      | useraccount the Formicid Fighter began the quest for the Orb.
     0 | D:1      | Reached XP level 1. HP: 18/18 MP: 1/1
    80 | D:1      | Reached XP level 2. HP: 8/24 MP: 2/2
   505 | D:1      | Reached XP level 3. HP: 29/29 MP: 3/3
   706 | D:1      | Reached skill level 1 in Dodging
  1207 | D:2      | Found a shadowy altar of Dithmenos.
  1228 | D:2      | Reached XP level 4. HP: 16/35 MP: 4/4
  1436 | D:2      | Slain by an adder

Vault maps used:
D:1:      sevenhm_arrival_forest_fort_small_5
D:2:      nicolae_overflow_crystal_walls, minitemple

Skill      XL: |  1  2  3 |
---------------+----------+-----
Dodging        | 1 |  1.2
Fighting       | |  3.5
Axes           | |  2.6
Armour         | |  3.7
Shields        | |  3.9

Action                   |  1- 3 |  4- 6 || total
-------------------------+-------+-------++-------
Melee: War axe           |   113 |    19 ||   132
  Eat: Chunk             |     1 |     1 ||     2
Armor: Scale mail        |    62 |     6 ||    68
Dodge: Dodged            |    45 |     6 ||    51
Block: Shield            |    80 |    14 ||    94
